AoeStats
← AgustinVB

Arabia

508589719Analyzed
3v3 RM · 8d ago on Sep 23, 2026· 35m 48s· 6 players
Game mode
Random Map
Map size
Normal (6 player)
Population
200
Speed
Normal
Resources
Standard
Victory
Conquest
Starting age
Dark Age
Ending age
Imperial Age
RankedLock teamsTeams togetherTeam positionsShared explorationLock speedFull tech treeHidden civsTurbo modeCheats
Victory
Defeat
🇵🇪 Mongols · Peru
1064
+16
🇵🇪 Ethiopians · Peru
1063
+16
🇵🇪 Vietnamese · Peru
977
+20
🇺🇸 Varangians · United States
1103
-19
🇺🇸 Danes · United States
1061
-17
🇺🇸 Mongols · United States
1038
-16
AgustinVB
4:28 Loom
7:28 Feudal Age
9:11 Double-Bit Axe
15:56 Horse Collar
20:44 Castle Age
19:12 Gold Mining
21:22 Bloodlines
21:49 Bow Saw
22:16 Husbandry
23:39 Wheelbarrow
25:44 Scale Barding Armor
27:11 Town Watch
32:49 Hand Cart
33:37 Chain Barding Armor
35:35 Forging
LUISELWUEBAS
10:02 Feudal Age
8:59 Loom
10:35 Double-Bit Axe
14:20 Fletching
14:31 Padded Archer Armor
23:01 Castle Age
23:07 Crossbowman
32:55 Forging
32:45 Scale Mail Armor
35:40 Iron Casting
SrMevliz
3:14 Loom
10:13 Feudal Age
10:56 Double-Bit Axe
13:49 Padded Archer Armor
16:58 Fletching
23:38 Castle Age
22:25 Gold Mining
26:02 Bodkin Arrow
26:44 Wheelbarrow
25:33 Elite Skirmisher
27:04 Leather Archer Armor
27:17 Horse Collar
31:01 Bow Saw
31:49 Ballistics
34:45 Heavy Plow
36:00 Hand Cart
明るい髪の農夫
10:36 Feudal Age
8:54 Loom
14:37 Castle Age
26:03 Fletching
Chesspwn
6:27 Loom
9:06 Feudal Age
15:47 Castle Age
15:01 Double-Bit Axe
15:08 Horse Collar
21:22 Fletching
23:16 Wheelbarrow
22:46 Bodkin Arrow
24:29 Thumb Ring
26:36 Bow Saw
26:32 Padded Archer Armor
28:00 Hand Cart
30:02 Leather Archer Armor
29:49 Heavy Plow
31:15 Ballistics
36:35 Imperial Age
O.
5:37 Loom
11:33 Feudal Age
14:36 Man-at-Arms
17:30 Double-Bit Axe
21:47 Horse Collar
25:55 Castle Age
24:15 Bloodlines
33:08 Bow Saw
34:03 Gold Mining
Connection lost

Rejoining the realm…

Still unreachable

The connection could not be restored.

Session expired

The server has moved on; the page needs a fresh start.